 Dungeon Crawl Stone Soup version 0.24-a0-417-g1cce26a4d2 (webtiles) character file.

Game seed: 16855681699980264206

55 HAL9000 the Sneak (level 3, -4/18 HPs)
             Began as a Vine Stalker Assassin on June 10, 2019.
             Slain by Robin
             ... wielding a +9 club
              (5 damage)
             ... on level 2 of the Dungeon.
             The game lasted 00:01:46 (1618 turns).

HAL9000 the Sneak (Vine Stalker Assassin)           Turns: 1618, Time: 00:01:46

Health: -4/18      AC:  4    Str: 14    XL:     3   Next: 93%
Magic:  0/4        EV: 13    Int: 11    God:
Gold:   39         SH:  0    Dex: 15    Spells: 2/2 levels left

rFire    . . .     SeeInvis .   a - +2 dagger
rCold    . . .     Gourm    .   (no shield)
rNeg     . . .     Faith    .   b - +1 robe
rPois    .         Spirit   +   (no helmet)
rElec    .         Reflect  .   c - +0 cloak
rCorr    .         Harm     .   (no gloves)
MR       .....                  (no boots)
Stlth    +++.......             (no amulet)
HPRegen  0.06/turn              o - +2 ring of evasion
MPRegen  0.09/turn              (no ring)

@: no status effects
A: fangs 2, magic shield, antimagic bite, no potion heal 3, rot immunity
a: no special abilities


You were on level 2 of the Dungeon.
You were not hungry.

You visited 1 branch of the dungeon, and saw 2 of its levels.

You collected 39 gold pieces.

Inventory:

Hand Weapons
 a - a +2 dagger (weapon)
Missiles
 d - 2 poisoned darts (quivered)
 e - 2 curare-tipped darts
Armour
 b - a +1 robe (worn)
 c - a +0 cloak (worn)
Jewellery
 o - a +2 ring of evasion (left hand)
Scrolls
 i - a scroll of enchant weapon {unknown}
 j - a scroll of fear {unknown}
 n - a scroll of remove curse {unknown}
 p - a scroll of immolation {unknown}
Potions
 g - a potion of flight {unknown}
 k - a potion of degeneration {unknown}
 l - a potion of curing {unknown}
Comestibles
 f - 4 rations
 m - 3 chunks of flesh


   Skills:
 - Level 1.7 Fighting
 + Level 3.7 Short Blades
 - Level 1.7 Throwing
 - Level 0.7 Dodging
 - Level 4.8 Stealth


You had 2 spell levels left.
You didn't know any spells.
Your spell library was empty.

Dungeon Overview and Level Annotations

Branches:
Dungeon (2/15)

Altars:

Annotations:
D:2 Robin


Innate Abilities, Weirdness & Mutations

You have extremely sharp teeth.
When hurt, damage is shared between your health and your magic reserves.
Your bite disrupts and absorbs the magic of your enemies.
Potions cannot restore your health.
You are immune to rotting.


Message History

* * * LOW HITPOINT WARNING * * *
The goblin barely misses you.
Unknown command.
You barely miss the goblin. Your bite misses the goblin.
The bat hits you but does no damage.
Robin says, "My army is invincible!"
Robin hits you with a +9 club.
* * * LOW HITPOINT WARNING * * *
The goblin misses you.
Unknown command.
As you read the scroll labeled QUITUI JUMUOSMINT, it crumbles to dust.
It is a scroll of enchant armour.
Your +0 robe glows green for a moment.
The bat hits you.
* * * LOW HITPOINT WARNING * * *
The bat barely misses you. Robin barely misses you.
The goblin completely misses you.
You hit Robin but do no damage.
Robin is heavily wounded.
The bat misses you. Robin hits you with a +9 club.
You die...

#.# #.# #.## #.% #
#g8 # #g# # #g# #
#@## # #.# #(g# #
#.# .# #b8# # #.#
#.. #.## # #[##
#.#.. #.# #
#..###.##. #)##
####.#.##.##.###†)#
......###.##.#...8#
..........##.#.####


You could see Robin, 3 goblins and a bat.

Vanquished Creatures
  An adder (D:2)
  2 dart slugs (D:1)
  4 giant cockroaches (D:1)
  4 goblins
  6 hobgoblins
  5 jackals (D:1)
  4 kobolds (D:1)
  A quokka (D:2)
  4 bats (D:1)
  A frilled lizard (D:1)
  5 rats
37 creatures vanquished.

Notes
Turn   | Place    | Note
-------+----------+-------------------------------------------
     0 | D:1      | HAL9000 the Vine Stalker Assassin began the quest for the
                  | Orb.
     0 | D:1      | Reached XP level 1. HP: 11/11 MP: 2/2
   240 | D:1      | Reached XP level 2. HP: 15/15 MP: 3/3
   651 | D:1      | Reached XP level 3. HP: 13/18 MP: 2/4
  1604 | D:2      | Noticed Robin
  1618 | D:2      | Slain by Robin

Levels and vault maps discovered:
D:1:      tarquinn_simple_flora_water_d, layout_basic
D:2:      wad_river_or_something, layout_loops_ring, uniq_jessica, uniq_robin,
          uniq_natasha

Skill      XL: |  1  2 |
---------------+-------+-----
Short Blades   | 2 3 |  3.7
Fighting       | |  1.7
Throwing       | |  1.7
Dodging        | |  0.7
Stealth        | |  4.8

Action                   || total
-------------------------++-------
Melee: Dagger            ||   110
       Bite              ||    23
Throw: Dart              ||    15
  Use: Scroll            ||     1
 Stab: Sleeping          ||     7
  Eat: Chunk             ||     2
Armor: Robe              ||    38
Dodge: Dodged            ||    92

Table legend:
 A = Non-vault XP
 B = Vault XP
 C = Vault XP percentage of total XP
 D = Non-vault monster count
 E = Vault monster count
 F = Vault count percentage of total count
                 A         B        C        D         E       F
            +---------+---------+-------+---------+---------+-------
      Total |      58 |      21 |  26.6 |      32 |       5 |  13.5
            +---------+---------+-------+---------+---------+-------
        D:1 |      50 |       0 |   0.0 |      27 |       0 |   0.0
        D:2 |       8 |      21 |  72.4 |       5 |       5 |  50.0
            +---------+---------+-------+---------+---------+-------
